 Dungeon Crawl Stone Soup version 0.28.0-62-gf88900778d (webtiles) character file.

Game seed: 66506501923620101

16611 cbfl8 the Cleaver (level 12, -24/141 HPs)
             Began as a Demonspawn Berserker on Apr 16, 2024.
             Was a High Priest of Trog.
             Killed from afar by an efreet (45 damage)
             ... with a fireball
             ... on level 10 of the Dungeon on Apr 17, 2024.
             The game lasted 00:30:42 (14968 turns).

cbfl8 the Cleaver (Demonspawn Berserker)           Turns: 14968, Time: 00:30:42

Health: -24/141    AC: 23    Str: 21    XL:     12   Next: 11%
Magic:  3/3        EV: 10    Int:  4    God:    Trog [*****.]
Gold:   711        SH: 11    Dex: 30    Spells: 11/11 levels left

rFire   x . .      SeeInvis +   B - +0 war axe
rCold   + . .      Faith    .   i - +0 kite shield
rNeg    . . .      Spirit   .   h - +0 plate armour
rPois   .          Reflect  .   x - +2 helmet
rElec   .          Harm     .   a - +2 cloak {Stlth+}
rCorr   .          Rampage  .   c - +0 pair of fencer's gloves {Riposte Dex+3}
Will    .....                   b - +0 pair of boots
Stlth   ..........              (no amulet)
HPRegen 0.33/turn               d - +4 ring of evasion
MPRegen 0.08/turn               v - ring of Royalty {Ice MP-9 Int-5 Dex+9 SInv}

@: berserking, very quick
A: thin skeletal structure 2, powered by death 2, demonic touch 2
a: Renounce Religion, Berserk, Trog's Hand, Brothers in Arms


You were on level 10 of the Dungeon.
You worshipped Trog.
Trog was extremely pleased with you.
You visited 1 branch of the dungeon, and saw 10 of its levels.
You also visited: Sewer.

You collected 1151 gold pieces.
You spent 440 gold pieces at shops.

Inventory:

Hand Weapons
 B - a +0 war axe (weapon)
Missiles
 y - 4 throwing nets
Armour
 a - a +2 cloak of stealth (worn)
 b - a +0 pair of boots (worn)
 c - the +0 pair of fencer's gloves (worn) {Riposte Dex+3}
   (You bought it in a shop on level 7 of the Dungeon)

   It allows the wearer to riposte with melee weapons, swiftly retaliating
   against missed attacks.
   Dex:       It affects your dexterity (+3).
 h - a +0 plate armour (worn)
 i - a +0 kite shield (worn)
 x - a +2 helmet (worn)
Jewellery
 d - a +4 ring of evasion (left hand)
 v - the ring of Royalty (right hand) {Ice MP-9 Int-5 Dex+9 SInv}
   (You found it on level 6 of the Dungeon)

   [ring of ice]

   It enhances your ice magic.
   Int:       It affects your intelligence (-5).
   Dex:       It affects your dexterity (+9).
   rF:        It makes you vulnerable to fire.
   rC:        It protects you from cold.
   MP:        It affects your magic capacity (-9).
   SInv:      It lets you see invisible.
 A - a ring of flight
Wands
 f - a wand of iceblast (3) (quivered)
 l - a wand of polymorph (8)
 r - a wand of paralysis (6)
 D - a wand of flame (50)
 I - a wand of acid (8)
Scrolls
 j - 2 scrolls of teleportation
 m - 3 scrolls of noise
 p - 3 scrolls of enchant weapon
 q - a scroll of blinking {unknown}
 s - a scroll of summoning
 t - a scroll of holy word
 z - a scroll of magic mapping
 G - 2 scrolls of identify
Potions
 e - 4 potions of mutation
 g - 3 potions of haste
 k - 2 potions of ambrosia {unknown}
 n - 5 potions of invisibility
 o - a potion of might {unknown}
 u - a potion of lignification {unknown}
 w - a potion of attraction {unknown}
 E - a potion of flight {unknown}
 H - a potion of curing
Miscellaneous
 F - a lightning rod (4/4)


   Skills:
 + Level 8.8 Fighting
 + Level 12.0 Axes
 + Level 8.7 Armour
 - Level 1.7 Dodging
 + Level 1.6 Shields
 * Level 9.1 Evocations


You had 11 spell levels left.
You didn't know any spells.
Your spell library was empty.

Dungeon Overview and Level Annotations

Branches:
Dungeon (10/15)            Temple (0/1) D:5            Lair (0/6) D:10
    Orc (0/2) D:9           Sewer (visited)

Altars:
Sif Muna

Shops:
D:4 :   D:7 [


Innate Abilities, Weirdness & Mutations

You have a moderately thin skeletal structure. (Dex +4, Stealth++)
You regenerate health from kills.
Your touch may inflict irresistible damage on your foes.


Message History

You slash the efreet!
The efreet is moderately wounded.
You are engulfed in blazing flames.
The efreet gestures at you.
The fireball explodes!
The fireball engulfs you!! The fire burns you terribly!
The fireball engulfs the efreet.
The efreet completely resists.
Unknown command.
Unknown command.
As you read the scroll of teleportation, it crumbles to dust.
You feel strangely unstable.
You are engulfed in blazing flames.
The efreet gestures at you. The bolt of fire misses you.
You feel much better.
You are engulfed in blazing flames.
You block the efreet's attack.
You feel much better.
You are engulfed in blazing flames.
Your surroundings suddenly seem different.
You start resting.
HP restored.
The efreet gestures at you. The bolt of fire hits you!
The fire burns you terribly!
The tree burns like a torch!
The efreet gestures at you. The bolt of fire hits you!
The fire burns you terribly! The efreet gestures at you.
The bolt of fire hits you!!! The fire burns you terribly!
A red film seems to cover your vision as you go berserk!
You feel yourself moving faster!
You feel mighty!
You slash the efreet!
The efreet is heavily wounded.
The efreet gestures at you.
The fireball explodes!
The fireball engulfs you!!! The fire burns you terribly!
* * * LOW HITPOINT WARNING * * *
The fireball engulfs the efreet.
The efreet completely resists.
You slash the efreet!
The efreet is almost dead.
You barely miss the efreet.
The efreet is almost dead.
The efreet gestures at you.
The fireball explodes!
The fireball engulfs you!!! The fire burns you terribly!
You die...

......................####....)..
..###.#.#.###............#.......
..#.#.....#.#............#####...
..#.###.###.#................#...
.............................#...
.............#........#####'##...
.<...........#######'##..........
.................................
................@R...............
..........########○########......
....####### ♣○♣ ♣♣..♣#......
....# ♣°♣♣♣..♣♣#...... ....#
♣♣.♣♣..♣♣.#...... ....#
#♣..♣♣♣§.♣..♣♣.♣#...... ....# .
#.......§.....♣♣#...... ....# ♣.
#######♣.♣##### #...... ....# .#°
♣§§§....♣...♣ #......


You could see an efreet.

Vanquished Creatures
  An ettin (D:7)
  Harold (D:8)
  A boulder beetle (D:7)
  4 two-headed ogres
  Pikel (D:5)
  A deep elf pyromancer (D:7)
  A harpy (shapeshifter) (D:10)
  A manticore (D:9)
  An ugly thing (D:7)
  An elephant (shapeshifter) (D:9)
  Maurice (D:8)
  Maggie (D:7)
  2 kobold demonologists
  An efreet (D:9)
  A komodo dragon (D:10)
  A hornet (D:9)
  2 trolls
  3 shadows
  2 wraiths
  Sigmund (D:6)
  2 wyverns (D:9)
  2 yaks (D:9)
  2 vampire mosquitoes
  2 acid dragons (D:9)
  Duvessa (D:7)
  A water moccasin (D:9)
  3 orc warriors
  A sky beast (D:7)
  3 ice beasts (D:7)
  Pargi (Sewer)
  4 black bears
  3 necrophages
  2 ogres (D:7)
  3 phantoms
  2 centaurs
  A lemure (D:5)
  A bullfrog (D:7)
  11 kobold brigands
  2 gnoll sergeants (D:9)
  3 scorpions
  Dowan (D:7)
  11 killer bees
  14 wights
  3 howler monkeys
  7 centaur zombies
  5 hounds
  Crazy Yiuf (D:7)
  An orc priest (D:9)
  2 centaur skeletons (D:7)
  A gnoll shaman (D:8)
  A bullfrog skeleton (D:5)
  Jessica (D:3)
  4 iguanas
  3 orc wizards (D:8)
  2 killer bee zombies
  A howler monkey zombie (D:10)
  A howler monkey skeleton (D:7)
  Robin (D:3)
  11 gnolls
  7 adders
  A white imp (D:7)
  2 dart slugs
  17 orcs
  8 ball pythons
  5 endoplasms
  6 giant cockroaches
  6 hobgoblins
  2 quokkas
  4 bats
  5 frilled lizards
  11 goblins
  20 kobolds
  6 rats
249 creatures vanquished.

Vanquished Creatures (collateral kills)
  A bullfrog (D:7)
  A killer bee zombie (D:7)
2 creatures vanquished.

Vanquished Creatures (others)
  A hydra (D:10)
  A manticore (D:9)
  A slime creature (D:10)
  A basilisk (shapeshifter) (D:10)
  5 plants (D:10)
9 creatures vanquished.

Grand Total: 260 creatures vanquished

Notes
Turn   | Place    | Note
-------+----------+-------------------------------------------
     0 | D:1      | cbfl8 the Demonspawn Berserker began the quest for the Orb.
     0 | D:1      | Reached XP level 1. HP: 18/18 MP: 1/1
   382 | D:1      | Gained mutation: You have a somewhat thin skeletal
                  | structure. (Dex +2, Stealth+) [demonic ancestry]
   382 | D:1      | Reached XP level 2. HP: 22/24 MP: 2/2
   890 | D:1      | Found a faded altar of an unknown god.
  1063 | D:2      | Reached skill level 1 in Evocations
  1311 | D:2      | Reached ** piety under Trog
  1318 | D:2      | Reached skill level 3 in Axes
  1529 | D:2      | Reached XP level 3. HP: 22/29 MP: 3/3
  1719 | D:3      | Noticed Jessica
  1725 | D:3      | Killed Jessica
  2131 | D:3      | Noticed Robin
  2137 | D:3      | Gained mutation: You regenerate a little health from kills.
                  | [demonic ancestry]
  2137 | D:3      | Reached XP level 4. HP: 36/36 MP: 4/4
  2141 | D:3      | Killed Robin
  2528 | D:3      | Noticed a necrophage
  2540 | D:3      | Killed a necrophage
  2541 | D:3      | Reached skill level 4 in Axes
  2541 | D:3      | Reached XP level 5. HP: 38/42 MP: 5/5
  3298 | D:4      | Found Fierch's Book Emporium.
  3298 | D:4      | Noticed a phantom
  3319 | D:4      | Killed a phantom
  3320 | D:4      | Gained mutation: Your touch may inflict minor irresistible
                  | damage on your foes. [demonic ancestry]
  3320 | D:4      | Reached XP level 6. HP: 44/48 MP: 6/6
  3540 | D:5      | Entered Level 5 of the Dungeon
  3567 | D:5      | Noticed Pikel
  3594 | D:5      | Killed Pikel
  3595 | D:5      | Reached skill level 5 in Axes
  3595 | D:5      | Gained mutation: You regenerate health from kills. [demonic
                  | ancestry]
  3595 | D:5      | Reached XP level 7. HP: 22/55 MP: 7/7
  3942 | D:5      | Found a staircase to the Ecumenical Temple.
  4022 | D:5      | Reached skill level 6 in Axes
  4228 | D:5      | Reached XP level 8. HP: 50/61 MP: 8/8
  4705 | D:6      | Reached skill level 5 in Fighting
  4782 | D:6      | Noticed Sigmund
  4794 | D:6      | Killed Sigmund
  4798 | D:6      | Found a glowing drain.
  4869 | Sewer    | Entered a sewer
  4882 | Sewer    | Reached *** piety under Trog
  4912 | Sewer    | Noticed Pargi
  4937 | Sewer    | Killed Pargi
  4938 | Sewer    | Reached skill level 7 in Axes
  5232 | D:6      | Identified the ring of Royalty {Ice MP-9 Int-5 Dex+9 SInv}
  5265 | D:6      | Reached skill level 5 in Armour
  5544 | D:7      | Reached skill level 5 in Evocations
  5624 | D:7      | Gained mutation: Your touch may inflict irresistible damage
                  | on your foes. [demonic ancestry]
  5624 | D:7      | Reached XP level 9. HP: 64/68 MP: 0/9
  5685 | D:7      | Found Gablan's Armour Shoppe.
  6561 | D:7      | Noticed a six-headed hydra
  6565 | D:7      | Noticed an ettin
  6565 | D:7      | a six-headed hydra changed into an ettin
  6979 | D:7      | Noticed Maggie
  6989 | D:7      | Killed Maggie
  6990 | D:7      | Reached skill level 8 in Axes
  7392 | D:7      | Killed an ettin
  7425 | D:7      | Found a runed translucent door.
  7426 | D:7      | Noticed Crazy Yiuf
  7984 | D:7      | Killed Crazy Yiuf
  8396 | D:8      | Noticed Harold
  8403 | D:8      | Killed Harold
  8404 | D:8      | Gained mutation: You have a moderately thin skeletal
                  | structure. (Dex +4, Stealth++) [demonic ancestry]
  8404 | D:8      | Reached XP level 10. HP: 76/76 MP: 1/10
  8656 | D:8      | Reached skill level 9 in Axes
  8757 | D:8      | Reached **** piety under Trog
  9051 | D:9      | Noticed a two-headed ogre
  9061 | D:9      | Killed a two-headed ogre
  9225 | D:9      | Noticed a manticore
  9397 | D:9      | Reached skill level 10 in Axes
 10157 | D:8      | Noticed Maurice
 10183 | D:8      | Killed Maurice
 10529 | D:8      | Reached XP level 11. HP: 67/82 MP: 2/11
 10697 | D:8      | Found a shimmering blue altar of Sif Muna.
 10961 | D:7      | Noticed a deep elf pyromancer
 10961 | D:7      | Noticed a boulder beetle
 10961 | D:7      | Noticed a two-headed ogre
 10981 | D:7      | Killed a two-headed ogre
 10986 | D:7      | Killed a deep elf pyromancer
 10992 | D:7      | Killed a boulder beetle
 11000 | D:7      | Reached skill level 11 in Axes
 11153 | D:7      | Noticed a brown ugly thing
 11170 | D:7      | Killed a brown ugly thing
 11256 | D:7      | Noticed Dowan
 11257 | D:7      | Noticed Duvessa
 11262 | D:7      | Killed Duvessa
 11264 | D:7      | Killed Dowan
 11490 | D:7      | Bought the +0 pair of fencer's gloves {Riposte Dex+3} for
                  | 440 gold pieces
 11490 | D:7      | Found the +0 pair of fencer's gloves {Riposte Dex+3}
 11792 | D:9      | Reached ***** piety under Trog
 11805 | D:9      | Identified the +8 falchion of Kismet {elec, Str+2}
 11853 | D:9      | Found a staircase to the Orcish Mines.
 12400 | D:9      | Identified the +0 plate armour of Sloth {+Inv rC+ Dex+3}
 13265 | D:10     | Entered Level 10 of the Dungeon
 13627 | D:10     | Noticed a two-headed ogre
 14135 | D:10     | Reached skill level 1 in Shields
 14192 | D:10     | Found a staircase to the Lair.
 14267 | D:10     | Killed a two-headed ogre
 14268 | D:10     | Reached XP level 12. HP: 78/94 MP: 3/12
 14361 | D:10     | Noticed a two-headed ogre
 14370 | D:10     | Killed a two-headed ogre
 14371 | D:10     | Reached skill level 12 in Axes
 14698 | D:10     | Killed a four-headed hydra
 14968 | D:10     | Killed from afar by an efreet

Illustrated notes

Levels and vault maps discovered:
D:1:      minmay_arrival_doors, layout_basic,
          shapermc_ecumenical_altar_mp_vishouse
D:2:      layout_rooms, serial_forest, infiniplex_forest_join,
          infiniplex_forest_clump_large, infiniplex_forest_zigzag_2,
          infiniplex_forest_lined_room_2, infiniplex_forest_lined_room_2
D:3:      layout_loops_ring, serial_bayou_pond_d, minmay_misc_feat_hallway,
          grunt_ministairs_3, minmay_misc_feat_tiny, minmay_misc_feat_cross,
          chequers_serial_rivers_large_b, uniq_robin, uniq_jessica
D:4:      layout_cave_pools, serial_glass, glass_columns_a, glass_columns_a,
          kennysheep_diamond
D:5:      layout_basic, minmay_temple_entry_large_hall, uniq_pikel
D:6:      layout_cave_pools, gup_sewer_entry_glass, uniq_sigmund
D:7:      minmay_klotski, layout_basic, serial_shops, kennysheep_mini,
          uniq_maggie, uniq_duvessa, uniq_crazy_yiuf_cottage
D:8:      layout_loops_ring, kennysheep_little_box, grunt_ministairs_4,
          uniq_harold, uniq_maurice
D:9:      minmay_the_grid_plus_closed [minmay_the_grid_dragon_b,
          minmay_the_grid_plusring, minmay_the_grid_spin_star,
          minmay_the_grid_empty, minmay_the_grid_prize_shrinking_boxes],
          layout_long_grid, david_orc_2, minmay_misc_feat_encased,
          grunt_decor_fettered, minmay_mirror_moons_of_madness
D:10:     nzn_winding_woodlands_three_and_one
          [nzn_winding_woodlands_5x15_pockets,
          nzn_winding_woodlands_5x15_sidewinder,
          nzn_winding_woodlands_5x15_garden,
          nzn_winding_woodlands_center_triple_pond], layout_irregular_city,
          minmay_misc_feat_roman

Skill      XL: |  1  2  3  4  5  6  7  8  9 10 11 12 |
---------------+-------------------------------------+-----
Evocations     | 1 2 3 4 5 6 7 8 9 |  9.1
Axes           | 3 4 5 6 7 8 10 11 12 | 12.0
Armour         | 2 3 4 5 6 7 8 |  8.7
Fighting       | 4 5 6 7 8 |  8.8
Shields        | 1 |  1.6
Dodging        | |  1.7

Action                   |  1- 3 |  4- 6 |  7- 9 | 10-12 || total
-------------------------+-------+-------+-------+-------++-------
Melee: Hand axe          |    97 |    99 |   240 |       ||   436
       Punch             |       |     1 |     4 |     6 ||    11
       Touch             |       |     5 |    56 |   107 ||   168
       War axe           |       |       |    15 |   535 ||   550
Invok: Berserk           |     1 |     2 |     5 |    10 ||    18
       Trog's Hand       |       |       |       |     2 ||     2
Evoke: Wand              |       |       |     3 |       ||     3
  Use: Scroll            |     1 |     4 |     7 |     8 ||    20
       Potion            |       |       |     2 |     2 ||     4
 Stab: Sleeping          |     4 |       |       |       ||     4
       Paralysed         |       |       |     5 |       ||     5
       Distracted        |       |       |       |     1 ||     1
Armor: Animal skin       |    12 |       |       |       ||    12
       Plate armour      |    13 |    43 |   161 |   336 ||   553
Dodge: Dodged            |    55 |    35 |   190 |   300 ||   580
Block: Kite shield       |       |       |       |    74 ||    74
       Rpst.: War axe    |       |       |       |    20 ||    20
